 Dungeon Crawl Stone Soup version 0.27.0-66-gdc8fb28755 (webtiles) character file.

Game seed: 12910633148179712376

26948 pkoi the Grappler (level 13, -13/177 HPs)
             Began as a Troll Hunter on Aug 21, 2021.
             Was a High Priest of Okawaru.
             Killed from afar by a wretched star (17 damage)
             ... with a lance of force
             ... in a Gauntlet.
             The game lasted 00:18:01 (12181 turns).

pkoi the Grappler (Troll Hunter)                   Turns: 12181, Time: 00:18:01

Health: -13/177    AC: 15    Str: 32    XL:     13   Next: 1%
Magic:  0/24       EV: 17    Int:  8    God:    Okawaru [*****.]
Gold:   608        SH:  0    Dex: 12    Spells: 11/12 levels left

rFire    . . .     SeeInvis .     - Unarmed
rCold    . . .     Faith    .   (no shield)
rNeg     . . .     Spirit   +   t - +0 swamp dragon scales
rPois    +         Reflect  .   (helmet restricted)
rElec    .         Harm     .   m - +2 cloak
rCorr    +         Rampage  .   (gloves unavailable)
Will     .....     NoTele   +   (boots unavailable)
Stlth    ..........             y - amulet "Orrosmaj" {Spirit rCorr}
HPRegen  1.39/turn              n - +4 ring of evasion
MPRegen  0.19/turn              D - ring "Bunk" {MP+9 Str+6 Dex+2}

@: berserking, heroic, very quick
A: large, unfitting armour, claws 3, regeneration 1, shaggy fur 1, tough skin 1,
[no potion heal 2], [subdued magic 3]
a: Renounce Religion, Heroism, Finesse


You were in a Gauntlet.
You worshipped Okawaru.
Okawaru was extremely pleased with you.
You visited 3 branches of the dungeon, and saw 15 of its levels.
You also visited: Gauntlet.

You collected 674 gold pieces.
You spent 66 gold pieces at shops.

Inventory:

Missiles
 c - 7 large rocks (quivered)
 d - 2 throwing nets
 k - 51 poisoned darts
 H - 5 javelins
Armour
 m - a +2 cloak (worn)
 t - +0 swamp dragon scales (worn)
Jewellery
 n - a +4 ring of evasion (left claw)
 r - a ring of flight
 y - the amulet "Orrosmaj" (around neck) {Spirit rCorr}
   (You found it in a Gauntlet)

   [amulet of guardian spirit]

   It causes incoming damage to be divided between your reserves of health and
   magic.
   rCorr:     It protects you from acid and corrosion.
 D - the ring "Bunk" (right claw) {MP+9 Str+6 Dex+2}
   (You found it on level 1 of the Lair of Beasts)

   [ring of strength]

   Str:       It affects your strength (+6).
   Dex:       It affects your dexterity (+2).
   MP:        It affects your magic capacity (+9).
 F - a ring of ice
Wands
 a - a wand of paralysis (3)
 j - a wand of flame (19)
 o - a wand of polymorph (17)
 q - a wand of mindburst (13)
 w - a wand of acid (4)
 B - a wand of iceblast (11)
Scrolls
 b - a scroll of silence
 e - 2 scrolls of teleportation
 h - 6 scrolls of identify
 i - 5 scrolls of enchant armour
 p - 2 scrolls of enchant weapon
 s - a scroll of amnesia
 E - 2 scrolls of magic mapping
 G - a scroll of summoning
Potions
 f - 2 potions of heal wounds
 g - 2 potions of might
 l - 5 potions of curing
 u - a potion of resistance
 v - a potion of brilliance
 x - 2 potions of haste
 A - 2 potions of cancellation
 C - 2 potions of flight


   Skills:
 - Level 5.0(10.0) Fighting
 * Level 12.2(17.2) Throwing
 + Level 5.9(10.9) Armour
 + Level 6.7(11.7) Dodging
 - Level 0.3(5.3) Stealth
 * Level 12.5(17.5) Unarmed Combat
 - Level 4.0 Invocations


You had 11 spell levels left.
You knew the following spells:

 Your Spells              Type           Power      Damage    Failure   Level
a - Apportation           Tloc           0%         N/A       36%         1

Your spell library contained the following spells:

 Spells                   Type           Power      Damage    Failure   Level
 Beastly Appendage        Tmut           0%         N/A       36%         1
 Magic Dart               Conj           0%         1d3       36%         1
 Sting                    Tmut/Pois      0%         1d3       36%         1
 Searing Ray              Conj           0%         3d3       50%         2
 Wereblood                Tmut           0%         N/A       50%         2
 Spider Form              Tmut/Pois      0%         N/A       77%         3
 Fulminant Prism          Conj/Hex       0%         3d6       99%         4
 Leda's Liquefaction      Hex/Erth       0%         N/A       99%         4
 Alistair's Intoxication  Tmut/Pois      0%         N/A       100%        5
 Bolt of Magma            Conj/Fire/Erth 0%         4d4       100%        5
 Eringya's Noxious Bog    Tmut/Pois      0%         N/A       100%        6
 Invisibility             Hex            0%         N/A       100%        6
 Statue Form              Tmut/Erth      0%         N/A       100%        6
 Lehudib's Crystal Spear  Conj/Erth      0%         10d2      100%        8


Dungeon Overview and Level Annotations

Branches:
Dungeon (10/15)            Temple (1/1) D:7            Lair (4/6) D:9
 Shoals (0/4) Lair:2        Snake (0/4) Lair:4      Gauntlet (1/1)
    Orc: D:9-12

Altars:
Ashenzari
Cheibriados
Dithmenos
Elyvilon
Fedhas
Gozag
Hepliaklqana
Kikubaaqudgha
Makhleb
Nemelex Xobeh
Okawaru
Qazlal
Ru
Sif Muna
Trog
Uskayaw
Vehumet
Wu Jian
Xom
Yredelemnul
Zin
The Shining One

Shops:
D:3 *!?

Annotations:
Lair:3 Rupert Gauntlet 7 transporters


Innate Abilities, Weirdness & Mutations

You are too large for most types of armour.
You have claws for hands.
Your natural rate of healing is unusually fast.
You are covered in fur. (AC +1)
You have tough skin. (AC +1)
[Potions cannot restore your health.]
[Your spells are much easier to cast, but much less powerful.]


Message History

The wretched star glows turbulently.
The lance of force hits you!
* * * LOW HITPOINT WARNING * * *
You are knocked back by the lance of force.
You slam into the translucent stone wall!
* * * LOW HITPOINT WARNING * * *
The flying skull gives a hideous shriek!
You eviscerate the small abomination!!!
You destroy the small abomination!
Okawaru accepts your kill.
Unknown command.
You barely miss the small abomination.
The flying skull gives a hideous shriek!
You claw the small abomination!
The small abomination is moderately damaged.
You hear a hideous shriek!
The wretched star pulses with an eldritch light!
Your connection to magic feels nearly dormant.
You claw the small abomination! You claw the small abomination.
The small abomination is severely damaged.
The small abomination barely misses you.
You closely miss the small abomination.
The small abomination is severely damaged.
The wretched star glows turbulently.
The lance of force hits you!
* * * LOW HITPOINT WARNING * * *
You are knocked back by the lance of force.
You slam into the translucent stone wall!
* * * LOW HITPOINT WARNING * * *
Unknown command.
You closely miss the small abomination.
The small abomination is severely damaged.
The small abomination misses you.
Unknown command.
You claw the small abomination!
You destroy the small abomination!
Okawaru accepts your kill.
The wretched star glows turbulently.
The lance of force hits you!!
You die...

##≈#≈#≈#§#≈########§#≈#§#≈###
##§....§§.§..........§§.....≈#
#§.......§......∩...........##
##§.###########..#########..≈#
#§§.##..!©=|.##..#z#.#..z#..##
##..#^#.....#^#..##z.#.#z#..≈#
#≈..#..#...#^.#..#zz}#.#z#..##
##..#...#.#^..#..####©.#.#..≈#
#≈..#...^#^..@#..#zzz..#z#..##
##..#...#©#^..#..#z####.z#..≈#
#≈..#..#..*#^.#..#z..zzzz#..##
##..#.#.....#.#..#########..≈#
#≈..##.......##.....#©#.....##
##..###########.....#©#.....≈#
#§......#©#......#########..##
##......#©#......#.[$©##.#§.≈#
#≈..###########..#...##..#..##


You could see a wretched star and 9 flying skulls.

Vanquished Creatures
  A boulder beetle (D:8)
  A centaur warrior (D:9)
  2 two-headed ogres (D:8)
  A death yak (D:7)
  Erica (D:9)
  2 tengu warriors
  Sonja (Lair:3)
  A fire crab (Lair:3)
  Nergalle (Lair:1)
  Pikel (D:5)
  A manticore (D:9)
  5 elephants (Lair:4)
  A black mamba (Lair:4)
  8 cane toads
  Maggie (D:7)
  2 komodo dragons
  A tengu conjurer (Gauntlet)
  7 polar bears
  A slime creature (D:9)
  12 blink frogs
  4 flying skulls (Gauntlet)
  2 shadows
  20 yaks
  2 small abominations (Gauntlet)
  2 wyverns (D:9)
  A steam dragon (Lair:2)
  4 basilisks
  A neqoxec (Gauntlet)
  Menkaure (D:7)
  10 water moccasins
  An orc warrior (D:9)
  Duvessa (D:7)
  An ice beast (D:6)
  2 ogres
  A necrophage (D:7)
  2 sky beasts
  13 black bears
  6 wolves
  2 centaurs
  A lemure (D:5)
  3 kobold brigands
  A gnoll sergeant (D:7)
  12 bullfrogs
  Dowan (D:7)
  3 wyvern zombies
  A wight (D:8)
  A centaur zombie (D:9)
  5 hounds
  A jelly (D:6)
  4 orc priests
  3 iguanas
  An orc wizard (D:7)
  A howler monkey zombie (D:5)
  Robin (D:2)
  A howler monkey skeleton (D:6)
  7 gnolls
  9 adders
  3 shadow imps
  A white imp (D:7)
  An ufetubus (D:7)
  An adder skeleton (D:4)
  5 worms
  3 dart slugs
  12 orcs
  6 endoplasms
  7 giant cockroaches
  16 goblins
  10 hobgoblins
  10 jackals
  17 kobolds
  6 quokkas
  7 ball pythons
  2 bats
  3 frilled lizards
  4 rats
297 creatures vanquished.

Vanquished Creatures (others)
  An adder (Lair:3)
  A goblin (D:2)
  13 fungi
  19 plants
  A withered plant (Gauntlet)
35 creatures vanquished.

Grand Total: 332 creatures vanquished

Notes
Turn   | Place    | Note
-------+----------+-------------------------------------------
     0 | D:1      | pkoi the Troll Hunter began the quest for the Orb.
     0 | D:1      | Reached XP level 1. HP: 19/19 MP: 0/0
    55 | D:1      | Reached skill level 1 in Unarmed Combat
    59 | D:1      | Reached XP level 2. HP: 27/27 MP: 1/1
    82 | D:1      | Noticed a golden eye
   186 | D:1      | Found a faded altar of an unknown god.
   188 | D:1      | Noticed a great orb of eyes
   193 | D:1      | Noticed a golden eye
   197 | D:1      | Noticed a golden eye
   271 | D:1      | Reached XP level 3. HP: 33/33 MP: 2/2
   606 | D:2      | Noticed Robin
   622 | D:2      | Killed Robin
   691 | D:2      | Reached XP level 4. HP: 37/41 MP: 3/3
  1358 | D:3      | Found Unuareme's General Store.
  1372 | D:3      | Bought a scroll of identify for 26 gold pieces
  1375 | D:3      | Found Ramurido's Distillery.
  1635 | D:3      | Reached XP level 5. HP: 47/48 MP: 4/4
  1687 | D:3      | Found Qeneph's Magic Scroll Emporium.
  1695 | D:3      | Bought a scroll of identify for 20 gold pieces
  1695 | D:3      | Bought a scroll of identify for 20 gold pieces
  2008 | D:4      | Reached skill level 5 in Throwing
  2751 | D:4      | Reached XP level 6. HP: 50/55 MP: 5/5
  3181 | D:5      | Entered Level 5 of the Dungeon
  3267 | D:5      | Found a transporter.
  3269 | D:5      | Found a transporter.
  3324 | D:5      | Learned a level 1 spell: Apportation
  3380 | D:5      | Reached skill level 5 in Unarmed Combat
  3396 | D:5      | Noticed Pikel
  3416 | D:5      | Killed Pikel
  3417 | D:5      | Reached XP level 7. HP: 35/62 MP: 6/6
  3699 | D:6      | Reached XP level 8. HP: 71/71 MP: 7/7
  4423 | D:7      | Noticed Maggie
  4428 | D:7      | Paralysed by something for 5 turns
  4440 | D:7      | Killed Maggie
  4441 | D:7      | Reached XP level 9. HP: 37/80 MP: 8/8
  4488 | D:7      | Noticed Menkaure
  4492 | D:7      | Killed Menkaure
  4588 | D:7      | Noticed Duvessa
  4590 | D:7      | Noticed Dowan
  4596 | D:7      | Killed Duvessa
  4609 | D:7      | Killed Dowan
  4708 | D:7      | Reached skill level 1 in Armour
  4803 | D:7      | Found a staircase to the Ecumenical Temple.
  4823 | Temple   | Entered the Ecumenical Temple
  5639 | Temple   | Became a worshipper of Warmaster Okawaru
  6088 | D:8      | Found a transporter.
  6090 | D:8      | Found a transporter.
  6090 | D:8      | Noticed a boulder beetle
  6321 | D:8      | Reached skill level 1 in Invocations
  6332 | D:8      | Reached * piety under Okawaru
  6422 | D:8      | Noticed a two-headed ogre
  6430 | D:8      | Killed a two-headed ogre
  6431 | D:8      | Reached XP level 10. HP: 55/92 MP: 10/10
  6499 | D:8      | Noticed a two-headed ogre
  6504 | D:8      | Killed a two-headed ogre
  6504 | D:8      | Reached ** piety under Okawaru
  7149 | D:9      | Noticed a death yak
  7303 | D:7      | Killed a death yak
  7303 | D:7      | Reached *** piety under Okawaru
  7381 | D:9      | Found a staircase to the Lair.
  7485 | D:9      | Noticed a manticore
  7493 | D:9      | Noticed a tengu warrior
  7506 | D:9      | Noticed a centaur warrior
  7520 | D:9      | HP: 4/94 [manticore (3)]
  7522 | D:9      | Killed a manticore
  7599 | D:9      | Killed a tengu warrior
  7599 | D:9      | Reached **** piety under Okawaru
  7607 | D:9      | Found an ancient bone altar of Kikubaaqudgha.
  7622 | D:9      | Reached XP level 11. HP: 67/101 MP: 12/12
  7638 | D:9      | Reached skill level 10 in Throwing
  7638 | D:9      | Reached skill level 10 in Unarmed Combat
  7692 | D:9      | Noticed Erica
  7703 | D:9      | Killed Erica
  7995 | D:9      | Got the Handbook of Shifting Conjuration
  8146 | D:10     | Entered Level 10 of the Dungeon
  8426 | D:8      | Killed a boulder beetle
  8426 | D:8      | Received a gift from Okawaru
  8498 | Lair:1   | Entered Level 1 of the Lair of Beasts
  8527 | D:9      | Reached skill level 5 in Dodging
  8536 | D:9      | HP: 2/101 [centaur warrior/arrow (8)]
  8540 | D:9      | Killed a centaur warrior
  8547 | D:9      | HP: 5/101 [wolf (7)]
  8755 | Lair:1   | Reached skill level 5 in Fighting
  9215 | Lair:1   | Noticed Nergalle
  9221 | Lair:1   | Killed Nergalle
  9221 | Lair:1   | Reached ***** piety under Okawaru
  9258 | Lair:1   | Identified the ring "Bunk" {MP+9 Str+6 Dex+2}
  9711 | Lair:1   | Found the +10 dark maul {vorpal}
  9868 | Lair:2   | Found an ancient bone altar of Kikubaaqudgha.
  9939 | Lair:2   | Received a gift from Okawaru
  9942 | Lair:2   | Found a staircase to the Shoals.
 10505 | Lair:3   | Reached XP level 12. HP: 101/111 MP: 14/14
 10622 | Lair:3   | Received a gift from Okawaru
 10700 | Lair:3   | Reached skill level 5 in Armour
 10714 | Lair:3   | Noticed Rupert
 10993 | Lair:3   | Noticed Sonja
 11285 | Lair:3   | Killed Sonja
 11285 | Lair:3   | Identified the +6 halberd "Beetlebane" {pain, rF+} (Okawaru
                  | gifted it to you on level 3 of the Lair of Beasts)
 11285 | Lair:3   | Received a gift from Okawaru
 11773 | Lair:4   | Found a gate leading to a gauntlet.
 11812 | Lair:4   | Found a staircase to the Snake Pit.
 11832 | Gauntlet | Entered a Gauntlet
 11832 | Gauntlet | Found a transporter.
 11832 | Gauntlet | Found a transporter.
 11832 | Gauntlet | Found a transporter.
 11882 | Gauntlet | Found a transporter.
 11892 | Gauntlet | Found a transporter.
 11895 | Gauntlet | Found a transporter.
 11896 | Gauntlet | Noticed a tengu warrior
 11905 | Gauntlet | Found a transporter.
 11921 | Gauntlet | Found a transporter.
 11938 | Gauntlet | Found a transporter.
 11941 | Gauntlet | Found a transporter.
 11949 | Gauntlet | Found a transporter.
 11952 | Gauntlet | Found a transporter.
 12071 | Gauntlet | Identified the amulet "Orrosmaj" {Spirit rCorr}
 12098 | Gauntlet | Killed a tengu warrior
 12098 | Gauntlet | Received a gift from Okawaru
 12112 | Gauntlet | Reached XP level 13. HP: 109/118 MP: 15/15
 12179 | Gauntlet | HP: 8/177 [wretched star/lance of force (15)]
 12179 | Gauntlet | HP: 3/177 [translucent stone wall collision (5)]
 12181 | Gauntlet | Killed from afar by a wretched star

Illustrated notes

Levels and vault maps discovered:
D:1:      psy_arrival_basics, layout_rooms,
          hellmonk_ecumenical_altar_watching_god,
          chequers_serial_rivers_small_3, minmay_misc_feat_columns
D:2:      minmay_chambers_of_ones, layout_basic, uniq_robin
D:3:      layout_loops_cross, serial_shops, shop, shop, nicolae_shop_crystal
D:4:      layout_layer_cave, minmay_misc_feat_room
D:5:      gammafunk_wand_slinger, layout_rooms, uniq_pikel
D:6:      layout_gridville, kennysheep_generic_room_6
D:7:      layout_loops_ring, minmay_temple_entry_waves, minmay_bent,
          uniq_menkaure, uniq_duvessa, uniq_maggie
D:8:      gammafunk_boulding_lane, layout_basic, minivault_25,
          kennysheep_generic_room_7
D:9:      layout_rooms, nicolae_kikubaaqudgha_miasma_corner, david_lair_generic,
          minmay_tree_intersection, chequers_decorated_corner,
          minmay_diamond_spiral, uniq_erica
D:10:     layout_stronghold, orc_0_dummy, roderic_lattice_a,
          hangedman_abyss_or_decor_jellyfish_corner, uniq_joseph, uniq_maurice
Temple:   nicolae_temple_the_god_donut
Lair:1:   beast_lair_carwin_large_4, layout_layer_cave, uniq_nergalle
Lair:2:   layout_loops_ring, elwin_shoals_entry_rocks, basic_altar,
          hibernation_bobbens
Lair:3:   layout_long_grid, cheibrodos_lair_reptile_den, lemuel_fruit_fields,
          infiniplex_staircase_pool_2, grunt_megastairs_2, uniq_sonja,
          uniq_rupert
Lair:4:   layout_regular_city, dummy_snake_entry, gauntlet_entry_generic,
          uniq_nessos
Gauntlet: minmay_gauntlet_mixed_big_or_small [gammafunk_gauntlet_arena_mazey,
          minmay_gauntlet_arena_77_tiled_triplets,
          gammafunk_gauntlet_arena_corners, minmay_gauntlet_arena_77_two_lines,
          nicolae_gauntlet_arena_x, minmay_gauntlet_arena_77_radiant_squares,
          nicolae_gauntlet_exit_dead_adventurers]

Skill      XL: |  1  2  3  4  5  6  7  8  9 10 11 12 |
---------------+-------------------------------------+-----
Unarmed Combat | 1 2 3 4 6 7 9 11 12 | 12.5
Throwing       | 4 5 6 7 8 9 11 12 | 12.2
Fighting       | 2 3 4 5 |  5.0
Dodging        | 2 3 4 5 6 |  6.7
Armour         | 2 3 4 5 |  5.9
Invocations    | 1 3 4 |  4.0
Stealth        | |  0.3

Action                   |  1- 3 |  4- 6 |  7- 9 | 10-12 | 13-15 || total
-------------------------+-------+-------+-------+-------+-------++-------
Melee: Unarmed           |   107 |   263 |   200 |   530 |    15 ||  1115
       Punch             |       |     4 |     8 |    36 |     2 ||    50
Throw: Large rock        |       |     3 |     6 |    19 |       ||    28
       Throwing net      |       |       |       |     2 |       ||     2
Invok: Heroism           |       |       |       |     9 |     1 ||    10
  Use: Scroll            |       |     9 |     4 |     3 |     1 ||    17
       Potion            |       |     5 |       |     1 |     1 ||     7
 Stab: Sleeping          |     1 |     2 |       |       |       ||     3
       Distracted        |       |       |     1 |     1 |       ||     2
Armor: Robe              |    56 |    62 |    23 |       |       ||   141
       Swamp dragon scal |       |       |    47 |   286 |     7 ||   340
Dodge: Dodged            |    44 |   162 |   108 |   486 |    18 ||   818
